 Dungeon Crawl Stone Soup version 0.24.0-125-gc4c63601f3 (webtiles) character file.

Game seed: 10307489480839281310, levelgen mode: deterministic

267894 Peloso the Hoplite (level 19, -9/180 HPs)
             Began as a Minotaur Fighter on Mar 15, 2020.
             Was the Champion of Okawaru.
             Killed from afar by a fire dragon (52 damage)
             ... with a blast of flame
             ... summoned by Nornya's ghost
             ... on level 1 of the Vaults.
             The game lasted 02:09:49 (40927 turns).

Peloso the Hoplite (Minotaur Fighter)              Turns: 40927, Time: 02:09:50

Health: -9/180     AC: 30    Str: 41    XL:     19   Next: 36%
Magic:  29/29      EV: 13    Int: 11    God:    Okawaru [******]
Gold:   2582       SH: 27    Dex: 15    Spells: 18/18 levels left

rFire    x . .     SeeInvis .   a - +8 double sword (holy)
rCold    x . .     Gourm    .   c - +8 shield of Lestido {rElec rC- rCorr Stlth+}
rNeg     + . .     Faith    .   S - +4 plate armour {rPois}
rPois    +         Spirit   .   R - +0 hat "Kuvisy" {Dex+4}
rElec    +         Reflect  .   y - +0 cloak of Zagg {rN+ Slay+6 Stlth+}
rCorr    +         Harm     .   Y - +2 pair of gloves of Distant Worlds {Str+8}
MR       +....                  z - +2 pair of boots {run}
Stlth    ..........             X - amulet "Aggeeg" {rF- Regen+ Str+5}
HPRegen  0.80/turn              l - ring of Ocuklok {rPois MP+9 Int+6}
MPRegen  0.21/turn              I - +5 ring of slaying

@: marked, hasted and slowed, quick
A: retaliatory headbutt, horns 2
}: 2/15 runes: serpentine, barnacled
a: Heroism, Finesse, Renounce Religion


You were on level 1 of the Vaults.
You worshipped Okawaru.
Okawaru was exalted by your worship.
You were not hungry.

You visited 7 branches of the dungeon, and saw 33 of its levels.
You also visited: Bailey and Ice Cave.

You collected 3297 gold pieces.
You spent 715 gold pieces at shops.

Inventory:

Hand Weapons
 a - a +8 double sword of holy wrath (weapon)
 b - the +10 falchion of the Known World {elec, SInv}
   (You found it on level 2 of the Shoals)

   Occasionally, upon striking a foe, it will discharge some electrical energy
   and cause terrible harm.
   It lets you see invisible.
Armour
 c - the +8 shield of Lestido (worn) {rElec rC- rCorr Stlth+}
   (You bought it in a shop on level 2 of the Orcish Mines)

   It makes you vulnerable to cold.
   It insulates you from electricity.
   It provides partial protection from all sources of acid and corrosion.
   It makes you more stealthy.
 e - a +1 plate armour of positive energy
 k - a scarf of cloud immunity
 m - +0 fire dragon scales
 y - the +0 cloak of Zagg (worn) {rN+ Slay+6 Stlth+}
   (Okawaru gifted it to you on level 3 of the Snake Pit)

   It affects your accuracy and damage with ranged weapons and melee attacks
   (+6).
   It protects you from negative energy.
   It makes you more stealthy.
 z - a +2 pair of boots of running (worn)
 J - a +1 cloak of magic resistance
 R - the +0 hat "Kuvisy" (worn) {Dex+4}
   (Okawaru gifted it to you on level 5 of the Lair of Beasts)

   It affects your dexterity (+4).
 S - a +4 plate armour of poison resistance (worn)
 Y - the +2 pair of gloves of Distant Worlds (worn) {Str+8}
   (Okawaru gifted it to you on level 4 of the Snake Pit)

   It affects your strength (+8).
Jewellery
 l - the ring of Ocuklok (left hand) {rPois MP+9 Int+6}
   (You found it on level 4 of the Shoals)

   [ring of poison resistance]

   It affects your intelligence (+6).
   It protects you from poison.
   It affects your magic capacity (+9).
 t - a +4 ring of strength
 u - the ring "Ecsoc" {rElec rF- Str+3 Int+3 Dex-5}
   (You found it on level 4 of the Shoals)

   [ring of dexterity]

   It affects your strength (+3).
   It affects your intelligence (+3).
   It affects your dexterity (-5).
   It makes you vulnerable to fire.
   It insulates you from electricity.
 v - the ring of Hoijiwk {+Blink EV+5 Str+9 Dex-2 SInv}
   (You found it on level 2 of the Lair of Beasts)

   [ring of evasion]

   It affects your evasion (+5).
   It affects your strength (+9).
   It affects your dexterity (-2).
   It lets you see invisible.
   It lets you blink.
 I - a +5 ring of slaying (right hand)
 L - an uncursed ring of flight
 X - the amulet "Aggeeg" (around neck) {rF- Regen+ Str+5}
   (You found it on level 6 of the Lair of Beasts)

   [amulet of regeneration]

   It affects your strength (+5).
   It makes you vulnerable to fire.
   It increases your rate of regeneration.
Wands
 n - a wand of digging (1)
Scrolls
 g - 7 scrolls of teleportation
 j - 11 scrolls of remove curse
 p - 3 scrolls of identify
 r - 4 scrolls of magic mapping
 C - a scroll of noise
Potions
 d - 2 potions of might
 o - 14 potions of curing
 x - a potion of haste
 F - 3 potions of resistance
 G - 4 potions of agility
 P - 3 potions of flight
Comestibles
 f - 51 rations
 h - 2 chunks of flesh


   Skills:
 + Level 18.5 Fighting
   Level 1.2(12.5) Short Blades
 + Level 19.7 Long Blades
 + Level 16.9 Armour
 + Level 5.9 Dodging
 + Level 2.6 Stealth
 + Level 23.3 Shields
 + Level 3.0 Invocations
 + Level 1.4 Evocations


You had 18 spell levels left.
You didn't know any spells.
Your spell library contained the following spells:

 Spells                   Type           Power        Failure   Level  Hunger
 Apportation              Tloc           #.....       75%         1    ##.....
 Beastly Appendage        Tmut           #.....       75%         1    ##.....
 Summon Butterflies       Summ           #.......     75%         1    ##.....
 Summon Small Mammal      Summ           #...         75%         1    ##.....
 Call Imp                 Summ           #.......     86%         2    ###....
 Slow                     Hex            #.......     86%         2    ###....
 Sticks to Snakes         Tmut           #.......     86%         2    ###....
 Sublimation of Blood     Necr           #.........   86%         2    ###....
 Call Canine Familiar     Summ           #.......     98%         3    ####...
 Ignite Poison            Fire/Tmut/Pois #.......     98%         3    ####...
 Lesser Beckoning         Tloc           #.........   98%         3    ####...
 Ozocubu's Armour         Chrm/Ice       #.......     98%         3    ####...
 Spider Form              Tmut/Pois      #.........   98%         3    ####...
 Summon Guardian Golem    Hex/Summ       #.......     98%         3    ####...
 Tukima's Dance           Hex            #.......     98%         3    ####...
 Ice Form                 Ice/Tmut       #.......     100%        4    #####..
 Petrify                  Tmut/Erth      #.......     100%        4    #####..
 Summon Ice Beast         Ice/Summ       #.......     100%        4    #####..
 Summon Lightning Spire   Summ/Air       #.......     100%        4    #####..
 Alistair's Intoxication  Tmut/Pois      #.......     100%        5    ######.
 Blade Hands              Tmut           #.........   100%        5    ######.
 Irradiate                Conj/Tmut      #.........   100%        5    ######.
 Summon Mana Viper        Hex/Summ       #.......     100%        5    ######.
 Invisibility             Hex            #.......     100%        6    #######
 Summon Hydra             Summ           #.........   100%        7    #######


Dungeon Overview and Level Annotations

Branches:
Dungeon (15/15)            Temple (1/1) D:5            Lair (6/6) D:8
 Shoals (4/4) Lair:2        Snake (4/4) Lair:4        Slime (0/5) Lair:6
    Orc (2/2) D:12            Elf (0/3) Orc:2        Vaults (1/5) D:13
 Depths (0/5) D:15         Bailey (visited)           IceCv (visited)

Altars:
Ashenzari
Dithmenos
Elyvilon
Fedhas
Gozag
Hepliaklqana
Kikubaaqudgha
Makhleb
Nemelex Xobeh
Okawaru
Qazlal
Ru
Sif Muna
Trog
Uskayaw
Vehumet
Wu Jian
Xom
Yredelemnul
Zin
The Shining One
Beogh

Shops:
D:8 [   D:9 !   D:14 (}(   Orc:2 [(%(   Snake:2 :   Snake:3 %

Annotations:
Vaults:1 Nornya's ghost, veteran MfSu


Innate Abilities, Weirdness & Mutations

You reflexively headbutt those who attack you in melee.
You have a pair of horns on your head.


Message History

You kill the two-headed ogre!
Okawaru accepts your kill.
The orc wizard points at you and mumbles some strange words.
You feel yourself slow down.
Unknown command.
You feel better.
The vault sentinel blows a loud note on a signal horn!
You closely miss the orc wizard. Your headbutt misses the orc wizard.
The orc wizard is heavily wounded.
You slice the orc wizard!!
You kill the orc wizard!
The orc wizard's corpse dissolves into shadows!
Unknown command.
You slice the ogre!! You headbutt the ogre.
You kill the ogre!
Okawaru accepts your kill.
A yaktaur comes into view.
The fire dragon breathes flames at you. The blast of flame hits you!!!
The fire burns you terribly!
You die...

#$#$#o
.#.#.#.
......D
#.....### #
#.....#.#.#
#....D#.#.#
#....))pc.#
#.#.#.#)#.+
#.#@# #####


You could see a fire dragon, a vault sentinel and a yaktaur.

Vanquished Creatures
  Vashnia (Snake:3)
  Saint Roka (Orc:2)
  The ghost of Dacon the Minotaur Blade, an adept MiGl of Gozag (Vaults:1)
  A titan (Shoals:3)
  Kirke (Shoals:4)
  Roxanne (Snake:2)
  Donald (Orc:2)
  The ghost of Witt the Fighter, an adept GrFi of Ashenzari (Shoals:2)
  11 nagarajas
  Ilsuiw (Shoals:2)
  A frost giant (Shoals:3)
  4 vault wardens (Vaults:1)
  Louise (D:14)
  Aizul (Snake:3)
  2 stone giants (Shoals:3)
  The ghost of Riymurr the Phalangite, a journeyman MfMo of Hepliaklqana (Lair:5)
  The ghost of kalagan the Geomancer, a journeyman GrEE of Sif Muna (Lair:6)
  2 ironheart preservers (Vaults:1)
  The ghost of Bolunijamo the Blocker, a journeyman GnFi of Okawaru (Lair:5)
  5 merfolk javelineers
  8 merfolk impalers
  4 yaktaur captains
  A fire dragon (Vaults:1)
  Erolcha (D:11)
  A rakshasa (Vaults:1)
  4 hydras
  11 vault guards
  3 merfolk avatars
  5 centaur warriors
  4 catoblepae
  5 naga warriors
  22 two-headed ogres
  A dancing weapon (D:6)
  2 alligator snapping turtles
  Erica (Orc:2)
  14 anacondas
  5 ogre magi (Vaults:1)
  14 naga sharpshooters
  5 death yaks
  2 shock serpents
  2 salamander mystics (Snake:3)
  The ghost of dogstar the Bolt Thrower, a novice GnWn of Gozag (D:6)
  Nergalle (D:11)
  An unseen horror (D:13)
  10 skeletal warriors
  9 sea snakes
  2 wizards
  9 naga ritualists
  6 orc knights
  3 ironbrand convokers (Vaults:1)
  17 harpies
  11 ugly things
  A wolf spider (Vaults:1)
  9 mana vipers
  An oklob plant (Lair:6)
  5 fauns
  13 salamanders
  11 cyclopes
  3 orc sorcerers (Orc:2)
  15 manticores
  17 elephants
  A centaur zombie (D:15)
  Psyche (D:8)
  Maurice (D:11)
  27 black mambas
  2 torpor snails
  14 water nymphs
  10 merfolk sirens
  16 naga magi
  A vault sentinel (Vaults:1)
  3 ice statues (IceCv)
  A gargoyle (D:13)
  15 spiny frogs
  14 guardian serpents
  3 komodo dragons
  3 rime drakes
  2 kobold demonologists
  A rime drake (shapeshifter) (Vaults:1)
  A tengu conjurer (D:11)
  6 yaktaurs
  9 trolls
  7 wind drakes
  9 polar bears
  17 merfolk
  Grinder (D:5)
  3 meliai (D:14)
  4 hornets (Lair:6)
  10 snapping turtles
  9 hippogriffs
  24 dream sheep
  12 blink frogs
  A meliai zombie (D:14)
  7 slime creatures
  2 centaur simulacra (D:14)
  Sigmund (D:6)
  3 shadows
  2 vampires
  15 spriggans
  3 wraiths
  A human (D:13)
  3 water elementals
  A yak (shapeshifter) (D:13)
  7 basilisks
  A golden eye (shapeshifter) (D:14)
  16 yaks
  3 wyverns
  3 hogs (Shoals:3)
  A hungry ghost (D:9)
  2 steam dragons
  5 wargs
  9 water moccasins
  43 nagas
  2 acid dragons
  42 orc warriors
  3 black bears (D:8)
  13 porcupines
  7 ice beasts
  4 sky beasts
  2 necrophages
  3 phantoms
  5 boggarts
  24 ogres
  9 centaurs
  A boggart (shapeshifter) (D:13)
  42 wolves
  24 crocodiles
  20 big kobolds
  A bullfrog (shapeshifter) (Vaults:1)
  31 bullfrogs
  12 gnoll sergeants
  2 wyvern skeletons
  2 scorpions
  7 howler monkeys
  9 wights
  An electric eel (Lair:1)
  8 crimson imps
  8 hounds
  8 gnoll shamans
  5 jellies
  2 quasits
  32 orc priests
  33 orc wizards
  2 bullfrog skeletons
  8 centaur skeletons
  Ijyb (D:3)
  Terence (D:2)
  5 iguanas
  10 worker ants
  2 hound skeletons
  2 howler monkey zombies
  2 worker ant zombies
  14 adders
  35 gnolls
  An ooze (D:5)
  2 adder skeletons
  3 worms
  6 leopard geckos
  134 orcs
  8 giant cockroaches
  8 goblins
  5 hobgoblins
  10 jackals
  2 quokkas
  6 bats
  A frilled lizard (D:1)
  A giant cockroach zombie (D:5)
  3 goblin skeletons (D:4)
  A hobgoblin zombie (D:4)
  A jackal zombie (D:5)
  38 kobolds
  A kobold skeleton (D:4)
  2 kobold zombies (D:4)
  An orc skeleton (D:4)
  A quokka zombie (D:5)
  9 rats
  A bush (Lair:1)
  A fungus (Lair:1)
  16 plants
1361 creatures vanquished.

Vanquished Creatures (others)
  A wizard (D:13)
  A guardian serpent (Snake:4)
  5 fungi
  7 plants
  6 toadstools (Lair:2)
  7 withered plants
27 creatures vanquished.

Grand Total: 1388 creatures vanquished

Notes
Turn   | Place    | Note
-------+----------+-------------------------------------------
     0 | D:1      | Peloso the Minotaur Fighter began the quest for the Orb.
     0 | D:1      | Reached XP level 1. HP: 19/19 MP: 0/0
    58 | D:1      | Reached XP level 2. HP: 25/27 MP: 1/1
   196 | D:1      | You fall into a shaft and drop 1 floor!
   196 | D:2      | Found a basalt altar of Yredelemnul.
   196 | D:2      | Found an ornate altar of the Wu Jian Council.
   196 | D:2      | Found a sacrificial altar of Ru.
   196 | D:2      | Found a bloodstained altar of Trog.
   364 | D:2      | Reached XP level 3. HP: 31/33 MP: 2/2
   369 | D:2      | Reached skill level 4 in Shields
   445 | D:2      | Noticed Terence
   459 | D:2      | Killed Terence
   459 | D:2      | Reached XP level 4. HP: 25/40 MP: 3/3
   522 | D:2      | Found a stormy altar of Qazlal.
  1621 | D:3      | Found a shimmering blue altar of Sif Muna.
  1624 | D:3      | Found a shadowy altar of Dithmenos.
  1669 | D:3      | Noticed Ijyb
  1680 | D:3      | Killed Ijyb
  1730 | D:3      | Reached XP level 5. HP: 31/47 MP: 4/4
  1792 | D:3      | Reached skill level 1 in Dodging
  1848 | D:3      | Reached skill level 5 in Armour
  2151 | D:3      | Reached XP level 6. HP: 48/53 MP: 5/5
  2390 | D:4      | Found a shattered altar of Ashenzari.
  2472 | D:4      | Reached skill level 5 in Long Blades
  2486 | D:4      | Reached skill level 5 in Shields
  2521 | D:4      | Found a glowing golden altar of the Shining One.
  2823 | D:4      | Reached skill level 5 in Fighting
  2929 | D:4      | Reached XP level 7. HP: 61/61 MP: 6/6
  4059 | D:5      | Entered Level 5 of the Dungeon
  4364 | D:5      | Noticed Grinder
  4365 | D:5      | Paralysed by Grinder for 6 turns
  4381 | D:5      | Killed Grinder
  4381 | D:5      | Reached XP level 8. HP: 17/70 MP: 7/7
  4861 | D:5      | Found a staircase to the Ecumenical Temple.
  4877 | Temple   | Entered the Ecumenical Temple
  4889 | Temple   | Became a worshipper of Warmaster Okawaru
  5076 | D:5      | Reached skill level 6 in Shields
  5706 | D:6      | Found a runed translucent door.
  5706 | D:6      | Found a shimmering altar of Xom.
  5706 | D:6      | Noticed dogstar's ghost (novice GnWn)
  5707 | D:6      | Noticed a +2 dagger of chaos
  5786 | D:6      | Reached * piety under Okawaru
  5969 | D:6      | Noticed Sigmund
  5993 | D:6      | Killed Sigmund
  5997 | D:6      | Reached skill level 1 in Stealth
  6760 | D:7      | Reached XP level 9. HP: 73/78 MP: 8/8
  6902 | D:7      | Reached ** piety under Okawaru
  7038 | D:7      | Reached skill level 7 in Shields
  7400 | D:7      | Reached skill level 10 in Long Blades
  7631 | D:8      | Found a staircase to the Lair.
  8312 | D:8      | Reached *** piety under Okawaru
  8333 | D:8      | Noticed a two-headed ogre
  8350 | D:8      | Reached skill level 8 in Shields
  8350 | D:8      | Reached XP level 10. HP: 69/88 MP: 9/9
  8963 | D:7      | Killed a two-headed ogre
  9030 | D:8      | Found Geopt's Antique Armour Emporium.
  9302 | D:8      | Reached **** piety under Okawaru
  9642 | D:9      | Found a white marble altar of Elyvilon.
  9654 | D:9      | Reached skill level 9 in Shields
  9658 | D:9      | Noticed Psyche
  9671 | D:9      | Paralysed by Psyche for 4 turns
  9687 | D:8      | Killed Psyche
 10412 | D:9      | Reached ***** piety under Okawaru
 10444 | D:9      | Noticed a rust devil
 10446 | D:9      | Reached skill level 10 in Armour
 10452 | D:9      | Reached skill level 10 in Shields
 10462 | D:9      | Reached XP level 11. HP: 71/97 MP: 10/10
 10817 | D:9      | Found Jurghewuh's Distillery.
 10820 | D:9      | Bought a potion of brilliance for 56 gold pieces
 10874 | D:10     | Entered Level 10 of the Dungeon
 10973 | D:9      | Received a gift from Okawaru
 11555 | D:10     | Noticed a two-headed ogre
 11568 | D:10     | Killed a two-headed ogre
 12464 | D:11     | Noticed Erolcha
 12479 | D:11     | Paralysed by Erolcha for 7 turns
 12735 | D:11     | Noticed a two-headed ogre
 12757 | D:11     | Found a flagged portal.
 12758 | D:11     | Noticed Nergalle
 12767 | Bailey   | Entered a bailey
 13622 | D:11     | Noticed Maurice
 13629 | D:11     | Killed Maurice
 13629 | D:11     | Reached skill level 10 in Fighting
 13629 | D:11     | Reached skill level 11 in Shields
 13759 | D:11     | Killed Nergalle
 13767 | D:11     | Killed a two-headed ogre
 13767 | D:11     | Reached skill level 1 in Invocations
 13786 | D:11     | Killed Erolcha
 13813 | D:11     | Got a fine spear
 13814 | D:11     | Identified the cursed +1 spear of Hylie {drain, rElec
                  | Str+2} (You found it on level 11 of the Dungeon)
 14227 | Lair:1   | Entered Level 1 of the Lair of Beasts
 14349 | Lair:1   | Reached XP level 12. HP: 85/105 MP: 11/11
 14486 | Lair:1   | Reached skill level 1 in Evocations
 14682 | Lair:1   | Noticed an eight-headed hydra
 14697 | Lair:1   | Killed an eight-headed hydra
 15053 | Lair:1   | Reached skill level 12 in Shields
 15139 | Lair:2   | Received a gift from Okawaru
 15145 | Lair:2   | Got an encrusted quick blade {god gift}
 15146 | Lair:2   | Lost intelligence.
 15146 | Lair:2   | Identified the +3 quick blade of Balance {pierce, *Noise
                  | rPois rN+++ Int-5} (Okawaru gifted it to you on level 2 of
                  | the Lair of Beasts)
 15275 | Lair:2   | Noticed a catoblepas
 15331 | Lair:2   | Killed a catoblepas
 15754 | Lair:2   | Noticed a catoblepas
 15754 | Lair:2   | Noticed a catoblepas
 15774 | Lair:2   | Found a runed translucent door.
 15862 | Lair:2   | Reached ****** piety under Okawaru
 15982 | Lair:2   | Found a staircase to the Shoals.
 16196 | Lair:2   | Noticed an eight-headed hydra
 16210 | Lair:2   | Killed an eight-headed hydra
 16697 | Lair:3   | Received a gift from Okawaru
 16697 | Lair:3   | Reached skill level 1 in Short Blades
 16703 | Lair:3   | Reached skill level 13 in Shields
 17000 | Lair:3   | Reached XP level 13. HP: 117/117 MP: 11/13
 17767 | D:12     | Received a gift from Okawaru
 18415 | D:12     | Found a staircase to the Orcish Mines.
 19093 | Orc:1    | Entered Level 1 of the Orcish Mines
 19465 | Orc:2    | Entered Level 2 of the Orcish Mines
 19910 | Orc:2    | Found a staircase to the Elven Halls.
 19930 | Orc:2    | Found a roughly hewn altar of Beogh.
 19930 | Orc:2    | Found Reowisac's Antique Weapon Shoppe.
 19972 | Orc:2    | Reached skill level 14 in Shields
 20232 | Orc:2    | Found a roughly hewn altar of Beogh.
 20243 | Orc:2    | Received a gift from Okawaru
 20250 | Orc:2    | Got a crude demon trident {god gift}
 20251 | Orc:2    | Identified the +5 demon trident "Ciocyutre" {pain, rElec
                  | rC+} (Okawaru gifted it to you on level 2 of the Orcish
                  | Mines)
 20283 | Orc:2    | Found a roughly hewn altar of Beogh.
 20291 | Orc:2    | Found Jaorho's Food Shoppe.
 20309 | Orc:2    | Noticed Donald
 20421 | Orc:2    | Noticed Saint Roka
 20814 | Orc:2    | Bought a glowing long sword for 169 gold pieces
 21353 | Orc:2    | Killed Donald
 21627 | Orc:2    | Killed Saint Roka
 21627 | Orc:2    | Received a gift from Okawaru
 21627 | Orc:2    | Received a gift from Okawaru
 21863 | Orc:2    | Found a roughly hewn altar of Beogh.
 21912 | Orc:2    | Found Dilox's Antique Weapon Shop.
 21913 | Orc:2    | Found a roughly hewn altar of Beogh.
 21922 | Orc:2    | Found Sudeot's Antique Armour Boutique.
 21946 | Orc:2    | Bought a spiked shield for 247 gold pieces
 21953 | Orc:2    | Identified the +8 shield of Lestido {rElec rC- rCorr
                  | Stlth+} (You bought it in a shop on level 2 of the Orcish
                  | Mines)
 22087 | Orc:1    | Noticed Erica
 22093 | Orc:2    | Killed Erica
 22122 | Orc:1    | Identified 2 scrolls of acquirement
 22505 | Orc:1    | Reached skill level 15 in Long Blades
 22846 | Lair:4   | Reached skill level 15 in Shields
 22846 | Lair:4   | Reached XP level 14. HP: 125/129 MP: 14/14
 22903 | Lair:4   | Found a staircase to the Snake Pit.
 23043 | Lair:4   | Received a gift from Okawaru
 23815 | Lair:5   | Received a gift from Okawaru
 23847 | Lair:5   | Got a jewelled hat {god gift}
 23853 | Lair:5   | Identified the +0 hat "Kuvisy" {Dex+4} (Okawaru gifted it
                  | to you on level 5 of the Lair of Beasts)
 24068 | Lair:5   | Found a runed translucent gate.
 24068 | Lair:5   | Found a runed translucent gate.
 24068 | Lair:5   | Found a runed translucent gate.
 24068 | Lair:5   | Noticed Riymurr's ghost (journeyman MfMo)
 24121 | Lair:5   | Noticed Bolunijamo's ghost (journeyman GnFi)
 24388 | Lair:5   | Killed Riymurr's ghost
 24395 | Lair:5   | Killed Bolunijamo's ghost
 24428 | Lair:6   | Entered Level 6 of the Lair of Beasts
 24569 | Lair:6   | Found a staircase to the Slime Pits.
 24720 | Lair:6   | Reached skill level 16 in Shields
 25213 | Lair:6   | Received a gift from Okawaru
 25290 | Lair:6   | Found a runed translucent door.
 25299 | Lair:6   | Noticed kalagan's ghost (journeyman GrEE)
 25333 | Lair:6   | Killed kalagan's ghost
 25336 | Lair:6   | Got a shimmering golden amulet
 25338 | Lair:6   | Identified the amulet "Aggeeg" {rF- Regen+ Str+5} (You
                  | found it on level 6 of the Lair of Beasts)
 25368 | Lair:6   | Reached XP level 15. HP: 138/138 MP: 15/15
 26116 | Lair:2   | Got a vibrating glass ring
 26118 | Lair:2   | Identified the ring of Hoijiwk {+Blink EV+5 Str+9 Dex-2
                  | SInv} (You found it on level 2 of the Lair of Beasts)
 26377 | D:6      | Paralysed by a +2 dagger of chaos for 7 turns
 26398 | D:6      | Killed dogstar's ghost
 26398 | D:6      | Received a gift from Okawaru
 26755 | D:13     | Reached skill level 17 in Shields
 27279 | D:13     | Found a gate to the Vaults.
 27577 | D:14     | Found Fegecsy's Antique Weapon Shop.
 27595 | D:14     | Noticed Louise
 27602 | D:14     | Killed Louise
 27608 | D:14     | Found Buyqig's Gadget Shop.
 27682 | D:14     | Reached skill level 15 in Fighting
 28000 | D:14     | Received a gift from Okawaru
 28019 | D:14     | Identified a +0 pair of boots of running (Okawaru gifted it
                  | to you on level 14 of the Dungeon)
 28021 | D:14     | Found Inyshul's Antique Weapon Shoppe.
 28024 | D:14     | Bought a smoking scimitar for 243 gold pieces
 28026 | D:14     | Identified the +7 scimitar of Xoome {venom, Str+2} (You
                  | bought it in a shop on level 14 of the Dungeon)
 28156 | D:15     | Entered Level 15 of the Dungeon
 28243 | D:15     | Found a frozen archway.
 28270 | IceCv    | Entered an ice cave
 28337 | IceCv    | Reached skill level 18 in Shields
 29670 | D:15     | Found a staircase to the Depths.
 29676 | D:15     | Reached XP level 16. HP: 149/149 MP: 16/16
 29949 | Snake:1  | Entered Level 1 of the Snake Pit
 30777 | Snake:2  | Found Yhett's Book Shop.
 31063 | Snake:2  | Noticed Roxanne
 31096 | Snake:2  | Killed Roxanne
 31785 | Snake:3  | Noticed Vashnia
 31834 | Snake:3  | Received a gift from Okawaru
 31838 | Snake:3  | HP: 5/151 [Vashnia/bolt (4)]
 32254 | Snake:3  | Killed Vashnia
 32275 | Snake:3  | Got a jewelled cloak {god gift}
 32286 | Snake:3  | Identified the +0 cloak of Zagg {rN+ Slay+6 Stlth+}
                  | (Okawaru gifted it to you on level 3 of the Snake Pit)
 32435 | Snake:3  | Reached skill level 19 in Shields
 32528 | Snake:3  | Found Caghif's Food Shop.
 32813 | Snake:3  | Reached skill level 5 in Dodging
 32886 | Snake:4  | Entered Level 4 of the Snake Pit
 32886 | Snake:4  | Noticed Aizul
 32902 | Snake:3  | Killed Aizul
 33048 | Snake:4  | Received a gift from Okawaru
 33131 | Snake:3  | Reached skill level 15 in Armour
 33882 | Snake:4  | Reached XP level 17. HP: 82/159 MP: 18/18
 34030 | Snake:4  | Reached skill level 20 in Shields
 34560 | Snake:4  | Received a gift from Okawaru
 34602 | Snake:4  | Got a pair of spiked gloves {god gift}
 34684 | Snake:3  | Identified the +2 pair of gloves of Distant Worlds {Str+8}
                  | (Okawaru gifted it to you on level 4 of the Snake Pit)
 34970 | Snake:4  | Reached skill level 21 in Shields
 35042 | Snake:4  | Got a serpentine rune of Zot
 35459 | Shoals:1 | Entered Level 1 of the Shoals
 36050 | Shoals:2 | Received a gift from Okawaru
 36346 | Shoals:2 | Noticed Ilsuiw
 36400 | Shoals:2 | Killed Ilsuiw
 36680 | Shoals:2 | Received a gift from Okawaru
 36680 | Shoals:2 | Reached XP level 18. HP: 114/170 MP: 19/19
 36693 | Shoals:2 | Got a twisted lajatang {god gift}
 36835 | Shoals:2 | Found a runed translucent gate.
 36836 | Shoals:2 | Found a runed translucent gate.
 36846 | Shoals:2 | Found a runed translucent gate.
 36849 | Shoals:2 | Noticed Witt's ghost (adept GrFi)
 36866 | Shoals:2 | Killed Witt's ghost
 37145 | Shoals:2 | Got a slimy falchion
 37146 | Shoals:2 | Identified the +10 falchion of the Known World {elec, SInv}
                  | (You found it on level 2 of the Shoals)
 38124 | Shoals:3 | Received a gift from Okawaru
 38131 | Shoals:3 | Identified the Compendium of Assistive Bewitchment
 38189 | Shoals:4 | Entered Level 4 of the Shoals
 38200 | Shoals:4 | Noticed Kirke
 38218 | Shoals:3 | Reached skill level 22 in Shields
 38382 | Shoals:4 | Killed Kirke
 38621 | Shoals:4 | Got a barnacled rune of Zot
 38865 | Shoals:4 | Identified the +5 lajatang of Neurosis {protect, Str+7
                  | Dex+4} (Okawaru gifted it to you on level 2 of the Shoals)
 38874 | Shoals:4 | Got a twitching amber ring
 38875 | Shoals:4 | Identified the cursed ring "Ecsoc" {rElec rF- Str+3 Int+3
                  | Dex-5} (You found it on level 4 of the Shoals)
 39514 | Shoals:4 | Got a sparkling marble ring
 39516 | Shoals:4 | Identified the ring of Ocuklok {rPois MP+9 Int+6} (You
                  | found it on level 4 of the Shoals)
 40339 | Vaults:1 | Entered Level 1 of the Vaults
 40431 | Vaults:1 | Received a gift from Okawaru
 40556 | Vaults:1 | Reached XP level 19. HP: 152/179 MP: 20/20
 40697 | Vaults:1 | Found a large runed translucent door.
 40697 | Vaults:1 | Found a large runed translucent door.
 40697 | Vaults:1 | Noticed Dacon's ghost (adept MiGl)
 40697 | Vaults:1 | Noticed Nornya's ghost (veteran MfSu)
 40753 | Vaults:1 | Reached skill level 23 in Shields
 40852 | Vaults:1 | Killed Dacon's ghost
 40910 | Vaults:1 | Paralysed by an ogre mage for 3 turns
 40913 | Vaults:1 | HP: 6/180 [two-headed ogre/+0 giant spiked club (8)]
 40927 | Vaults:1 | Killed from afar by a fire dragon

Levels and vault maps discovered:
D:1:      dpeg_arrival_brainrot, layout_basic
D:2:      minmay_spotlight, layout_loops_ring, nicolae_overflow_hidden_temple,
          first_ration, nicolae_qazlal_general_emergency, uniq_terence
D:3:      layout_loops_cross, chequers_temple_overflow_statue_of_worship,
          uniq_ijyb
D:4:      minmay_inner_zag, layout_basic, nicolae_tso_besieged_by_evil,
          overflow_temple_1_default, kennysheep_generic_room_4
D:5:      layout_loops_corners, minmay_temple_entry_stoned_glass, uniq_grinder
D:6:      layout_layer_cave, ebering_ghost_xom, uniq_sigmund
D:7:      layout_basic
D:8:      layout_gridville, minmay_lair_entry_grove, serial_shops,
          nicolae_shop_window_shopping
D:9:      layout_roguey [special_room_kobold], lemuel_round_altar, serial_shops,
          kennysheep_mini, uniq_psyche
D:10:     layout_gridville
D:11:     layout_basic, enter_bailey_2, grunt_tengu_nest, uniq_erolcha,
          uniq_maurice, uniq_nergalle
D:12:     layout_loops_ring, kennysheep_orc_monster_closet_entryway
D:13:     layout_gridville, grunt_vaults_entry_fortified
D:14:     minmay_inside_and_out, layout_gridville,
          hangedman_abyss_or_decor_lesser_grid, serial_shops,
          nicolae_shop_window_shopping, nicolae_shop_stone, shop, uniq_louise
D:15:     grunt_enter_depths_snipers, layout_irregular_city,
          portal_ice_cave_rime, nicolae_two_hexagons
Temple:   cyrus_circular_temple
Lair:1:   layout_gridlike, serial_bayou_pond_c
Lair:2:   gammafunk_lair_enchanted_lake, layout_misc_corridors,
          minmay_shoals_entry_lonely_mermaid
Lair:3:   beast_lair_carwin_large_4, layout_cave_pods
Lair:4:   layout_regular_city, guppyfry_snake_entry_garden
Lair:5:   layout_regular_city, gammafunk_ghost_cemetery, grunt_megastairs_2
Lair:6:   minmay_lair_end_enchanted_forest, layout_cave_shapes, slime_dummy,
          gammafunk_ghost_grave
Shoals:1: layout_shoals, nicolae_shoals_dead_sea_scrolls
Shoals:2: layout_shoals, gammafunk_ghost_split, nicolae_shoals_isolated_beach,
          uniq_polyphemus, uniq_ilsuiw
Shoals:3: layout_shoals, st_sunken_temple
Shoals:4: shoals_end_hangedman, layout_shoals, uniq_kirke
Snake:1:  layout_honeycomb
Snake:2:  nicolae_snake_nest, layout_layer_cave, serial_shops, shop,
          uniq_roxanne
Snake:3:  layout_onion_interference, serial_shops, shop, grunt_megastairs_3,
          uniq_vashnia
Snake:4:  grunt_snake_rune_serpentine_throne, layout_rooms, lemuel_fruit_tree,
          uniq_aizul
Orc:1:    nicolae_orc_accident_1, layout_diamond_mine, uniq_erica
Orc:2:    grunt_orc_community_town_hall, layout_caves,
          grunt_orc_community_big_house_1, grunt_orc_community_big_house_2,
          grunt_orc_community_house_1, grunt_orc_community_house_1,
          grunt_orc_community_house_2, grunt_orc_community_house_2,
          grunt_orc_community_house_3, uniq_donald
Vaults:1: advil_vaults_ghost_guards, grunt_vaults_hallway_short, v_misc_30,
          vaults_room_guarded_vault, nicolae_vaults_network_periphery,
          nicolae_vaults_network_quincunx
          [nicolae_vaults_network_quincunx_subvault,
          nicolae_vaults_network_quincunx_subvault,
          nicolae_vaults_network_quincunx_subvault,
          nicolae_vaults_network_quincunx_subvault,
          nicolae_vaults_network_quincunx_subvault], hangedman_vaults_cutoff,
          v_rooms_1, v_rooms_5, vaults_dpeg_doors, grunt_vaults_hallway_long,
          ontoclasm_vaults_decontamination, nicolae_vaults_little_ls,
          nicolae_vaults_little_squares_5, layout_vaults_maze_snakey,
          serial_shops, nicolae_shop_waterfront

Skill      XL: |  1  2  3  4  5  6  7  8  9 10 11 12 13 14 15 16 17 18 19 |
---------------+----------------------------------------------------------+-----
Armour         | 4 5 6 7 9 10 11 12 13 14 15 16 | 16.9
Fighting       | 4 5 6 7 9 10 11 13 14 15 16 17 18 | 18.5
Long Blades    | 3 4 6 7 8 10 12 13 14 15 16 17 18 19 | 19.7
Shields        | 4 5 6 8 10 11 13 15 16 18 19 21 22 23 | 23.3
Dodging        | 1 2 3 4 5 |  5.9
Stealth        | 1 2 |  2.6
Invocations    | 1 2 3 |  3.0
Evocations     | 1 |  1.4
Short Blades   | 1 |  1.2

Action                   |  1- 3 |  4- 6 |  7- 9 | 10-12 | 13-15 | 16-18 | 19-21 || total
-------------------------+-------+-------+-------+-------+-------+-------+-------++-------
Melee: Long sword        |    54 |   207 |   379 |   977 |   506 |       |       ||  2123
       Headbutt          |     9 |    27 |    76 |   355 |   394 |   374 |    48 ||  1283
       Short sword       |       |       |       |    21 |       |       |       ||    21
       Double sword      |       |       |       |       |   835 |  1104 |   130 ||  2069
       Falchion          |       |       |       |       |    83 |    31 |       ||   114
Invok: Heroism           |       |       |       |    18 |     7 |     6 |     1 ||    32
       Finesse           |       |       |       |       |     2 |       |       ||     2
Evoke: Wand              |       |     3 |       |     8 |       |     4 |       ||    15
  Use: Potion            |       |     3 |     1 |     3 |     3 |     5 |     4 ||    19
       Scroll            |       |     1 |     5 |    11 |    18 |     9 |     1 ||    45
 Stab: Petrifying        |       |       |       |     1 |       |       |       ||     1
  Eat: Chunk             |       |     7 |    14 |    24 |    34 |    22 |     1 ||   102
       Ration            |       |       |     1 |     2 |     2 |     4 |       ||     9
Armor: Scale mail        |    20 |       |       |       |       |       |       ||    20
       Chain mail        |       |   114 |   150 |   211 |       |       |       ||   475
       Skin              |       |       |       |     5 |       |       |       ||     5
       Plate armour      |       |       |       |   205 |   385 |   368 |    66 ||  1024
       Crystal plate arm |       |       |       |       |    50 |       |       ||    50
Dodge: Dodged            |    14 |    40 |   109 |   412 |   379 |   343 |    63 ||  1360
       Deflected         |       |       |       |     1 |       |       |       ||     1
Block: Shield            |    27 |   101 |   150 |   657 |  1244 |  1610 |   174 ||  3963
       Rpst.: Long sword |     7 |    11 |    25 |    99 |    25 |       |       ||   167
       Double sword      |       |       |       |       |    53 |    47 |    12 ||   112
       Falchion          |       |       |       |       |     3 |     1 |       ||     4
